 Dungeon Crawl Stone Soup version 0.21.1-1-g345015f (webtiles) character file.

211 inc the Chiller (level 5, -5/21 HPs)
             Began as a Felid Ice Elementalist on Mar 3, 2018.
             Was a Believer of Wu Jian.
             Slain by a two-headed ogre
             ... wielding a +0 giant club
              (26 damage)
             ... on level 8 of the Dungeon.
             The game lasted 00:09:39 (5433 turns).

inc the Chiller (Felid Ice Elementalist)            Turns: 5433, Time: 00:09:40

Health: -5/21      AC:  2    Str:  4    XL:     5   Next: 57%
Magic:  9/9        EV: 17    Int: 19    God:    Wu Jian [**....]
Gold:   145        SH:  0    Dex: 14    Spells: 4/8 levels left
                                        Lives:  0   Deaths: 1

rFire    . . .     SeeInvis +     - Unarmed
rCold    . . .     Gourm    .   (shield unavailable)
rNeg     . . .     Faith    .   (armour unavailable)
rPois    .         Spirit   .   (helmet unavailable)
rElec    .         Reflect  .   (cloak unavailable)
rCorr    +         Harm     .   (gloves unavailable)
MR       .....                  (boots unavailable)
Stlth    +++.......             (no amulet)
HPRegen  0.07/turn              e - ring of resist corrosion
MPRegen  0.11/turn              r - -2 ring of dexterity

@: quick
A: very small, no armour, no weapons or thrown items, stealth, claws 1, fangs 3,
see invisible, carnivore, speed 1, shaggy fur 2, slow metabolism 1, sharp paws
a: Wall Jump, Renounce Religion


You were on level 8 of the Dungeon.
You worshipped Wu Jian.
Wu Jian was pleased with you.
You were not hungry.

You visited 1 branch of the dungeon, and saw 6 of its levels.

You collected 145 gold pieces.

Inventory:

Jewellery
 e - a ring of resist corrosion (left paw)
 n - an uncursed ring of fire
 r - a -2 ring of dexterity (right paw)
Wands
 o - a wand of flame (32)
Scrolls
 c - a scroll of remove curse
 d - 2 scrolls of teleportation
 g - a scroll of enchant armour {unknown}
 l - a scroll of enchant weapon {unknown}
 p - a scroll of noise {unknown}
 q - a scroll of amnesia {unknown}
Potions
 h - 3 potions of curing
 i - a potion of heal wounds {unknown}
 j - a potion of agility
 m - a potion of brilliance
Books
 a - a book of Frost

   Spells                             Type                      Level
   a - Freeze                         Ice                          1
   b - Throw Frost                    Conjuration/Ice              2
   c - Ozocubu's Armour               Charms/Ice                   3
   d - Throw Icicle                   Conjuration/Ice              4
   e - Summon Ice Beast               Ice/Summoning                4
Comestibles
 b - 11 rations


   Skills:
 - Level 2.6 Dodging
 - Level 2.6 Stealth
 + Level 3.9 Unarmed Combat
 - Level 2.0 Spellcasting
   Level 0.8 Conjurations
 - Level 4.1 Charms
 - Level 4.5 Ice Magic


You had 4 spell levels left.
You knew the following spells:

 Your Spells              Type           Power        Failure   Level  Hunger
a - Freeze                Ice            ###.         2%          1    #......
b - Ozocubu's Armour      Chrm/Ice       ###.....     9%          3    ###....


Dungeon Overview and Level Annotations

Branches:
Dungeon (5/15)
 Temple: D:4-7

Altars:
Dithmenos
Hepliaklqana
Makhleb
Nemelex Xobeh
Okawaru
Qazlal
Sif Muna
Uskayaw
Wu Jian
Xom

Annotations:
D:4 theElss's ghost, amateur DECj
D:5 Edmund
D:8 xccam's ghost, novice GnWn


Innate Abilities, Weirdness & Mutations

You cannot wear armour.
You are incapable of wielding weapons or throwing items.
Your paws allow you to move quietly. (Stealth)
You have sharp claws.
You have razor-sharp teeth.
You have supernaturally acute eyesight. (SInv)
You are carnivorous and can eat meat at any time.
You cover ground quickly.
You are covered in thick fur. (AC +2)
You have a slow metabolism.
Your sharp claws are effective at attacking unaware monsters.


Message History

The bolt of electricity hits you!
Ouch! That really hurt!
You die...
You are now level 5!
You rejoin the land of the living...
Found 16 gold pieces.
Found a stone staircase leading down.
An orc priest comes into view. It is wielding a club.
An orc and a player ghost come into view.
A jelly and a two-headed ogre come into view.
Found 20 gold pieces.
The jelly quivers.
You lunge at the two-headed ogre.
You pounce on the unaware helpless two-headed ogre!
You claw the two-headed ogre!
The two-headed ogre is moderately wounded.
You scratch the two-headed ogre but do no damage.
The two-headed ogre is moderately wounded.
The two-headed ogre hits you with a giant club!!
Ouch! That really hurt!
You die...

*,,,,,,*,,,.##****,,
##.######.##..#****,,
#.........#...#,,,,,,
#........##...#,,,,,,
#....$...##.#.#,,,,,,
#........##.#.#,,,,,,
#.....J..#..#,#******
#........#..#,**
#.$O@....#..#,,*
#.#####.....#*,* **
*,* ###...#*,* *, *,*
#.#.#*,* **, *,*
#.#.#*,* **,, *,*
#.#..,,* *,,* *,*
**#.#.#.,***,** *,*
*,..#.#..,,,,** **,*
*,###.#,..,,,,,


You could see a two-headed ogre and a jelly.

Vanquished Creatures
  A crimson imp (D:3)
  2 orc wizards
  3 hounds
  A worker ant (D:5)
  7 adders
  4 oozes
  An adder skeleton (D:5)
  4 worms
  2 dart slugs
  2 leopard geckos
  7 orcs (D:3)
  A ball python (D:1)
  11 bats
  4 giant cockroaches
  9 goblins
  9 hobgoblins
  9 jackals
  3 quokkas
  5 frilled lizards
  10 kobolds
  5 rats
100 creatures vanquished.

Vanquished Creatures (others)
  A scorpion (D:4)
1 creature vanquished.

Grand Total: 101 creatures vanquished

Notes
Turn   | Place    | Note
-------+----------+-------------------------------------------
     0 | D:1      | inc the Felid Ice Elementalist began the quest for the Orb.
     0 | D:1      | Reached XP level 1. HP: 7/7 MP: 4/4
    86 | D:1      | Reached XP level 2. HP: 11/11 MP: 0/6
   527 | D:1      | Reached XP level 3. HP: 11/14 MP: 1/7
  1347 | D:2      | Reached XP level 4. HP: 8/18 MP: 0/8
  1610 | D:2      | Found a faded altar of an unknown god.
  1624 | D:2      | Became a worshipper of the Wu Jian Council
  1624 | D:2      | Reached * piety under Wu Jian
  1629 | D:2      | Learned a level 3 spell: Ozocubu's Armour
  1862 | D:2      | Reached skill level 1 in Charms
  1946 | D:2      | Found a deep blue altar of Sif Muna.
  2582 | D:3      | Found a sparkling altar of Nemelex Xobeh.
  2844 | D:3      | Reached XP level 5. HP: 10/21 MP: 0/9
  3393 | D:3      | Found a stormy altar of Qazlal.
  3393 | D:3      | Found a hide-covered altar of Uskayaw.
  3393 | D:3      | Found an iron altar of Okawaru.
  3393 | D:3      | Found a deep blue altar of Sif Muna.
  3406 | D:3      | Reached ** piety under Wu Jian
  3682 | D:3      | Found a hazy altar of Hepliaklqana.
  3682 | D:3      | Found a shadowy altar of Dithmenos.
  4133 | D:3      | Found a burning altar of Makhleb.
  4140 | D:3      | Reached skill level 1 in Unarmed Combat
  4141 | D:3      | Found a shimmering altar of Xom.
  4370 | D:4      | Gained mutation: You are covered in thick fur. (AC +2) [Felid growth]
  4370 | D:4      | Reached XP level 6. HP: 10/24 MP: 0/10
  4538 | D:4      | Noticed theElss's ghost (amateur DECj)
  4544 | D:5      | Entered Level 5 of the Dungeon
  4629 | D:5      | Noticed Edmund
  5217 | D:5      | Noticed an ice beast
  5244 | D:5      | Noticed a sky beast
  5248 | D:5      | You fall through a shaft for 3 floors!
  5248 | D:8      | Found a hazy altar of Hepliaklqana.
  5411 | D:8      | Killed from afar by an electric eel
  5412 | D:8      | Reached XP level 5. HP: -3/21 MP: 9/9
  5420 | D:8      | Noticed xccam's ghost (novice GnWn)
  5427 | D:8      | Noticed a two-headed ogre
  5433 | D:8      | Slain by a two-headed ogre

Skill      XL: |  1  2  3  4  5  6 |
---------------+-------------------+-----
Ice Magic      | 3 4 |  4.5
Charms         | 3 4 |  4.1
Unarmed Combat | 2 3 |  3.9
Dodging        | |  2.6
Stealth        | |  2.6
Spellcasting   | |  2.0
Conjurations   | |  0.8

Action                   |  1- 3 |  4- 6 || total
-------------------------+-------+-------++-------
Melee: Unarmed           |    23 |   106 ||   129
       Bite              |     1 |     9 ||    10
 Cast: Freeze            |    46 |   118 ||   164
       Ozocubu's Armour  |       |     9 ||     9
Invok: Lunge             |       |    18 ||    18
       Whirlwind         |       |     2 ||     2
       Wall Jump         |       |     2 ||     2
  Use: Scroll            |       |     7 ||     7
 Stab: Sleeping          |     3 |    14 ||    17
  Eat: Chunk             |       |    16 ||    16
Armor: Skin              |     5 |    20 ||    25
Dodge: Dodged            |    47 |   157 ||   204
